 Dungeon Crawl Stone Soup version 0.30-a0-297-g0ec75d9ef4 (webtiles) character file.

Game seed: 17289714144145427513

2 lunkers the Chucker (level 1, 0/14 HPs)
             Began as a Meteoran Wanderer on Oct 19, 2022.
             Slain by a goblin
             ... wielding a +0 dagger
              (2 damage)
             ... on level 1 of the Dungeon.
             The game lasted 00:00:16 (69 turns).

lunkers the Chucker (Meteoran Wanderer)               Turns: 69, Time: 00:00:16

Health: 0/14       AC:  2    Str: 12    XL:     1   Next: 57%
Magic:  3/3        EV: 11    Int: 13    God:
Gold:   9          SH:  0    Dex: 14    Spells: 1/2 levels left

rFire   . . .      SeeInvis .    a - +2 dagger
rCold   . . .      Faith    .    (no shield)
rNeg    . . .      Spirit   .    d - +0 robe
rPois   .          Reflect  .    (no helmet)
rElec   .          Harm     .    (no cloak)
rCorr   .          Rampage  .    (no gloves)
Will    .....                    (no boots)
Stlth   +.........               (no amulet)
HPRegen 0.22/turn                (no ring)
MPRegen 0.08/turn                (no ring)

@: glowing
A: sense surroundings 1, otherworldly, glowing, explore regen
a: no special abilities


You were on level 1 of the Dungeon.
You visited 1 branch of the dungeon, and saw 1 of its levels.

You collected 9 gold pieces.

Inventory:

Hand Weapons
 a - a +2 dagger (weapon)
Missiles
 b - 3 curare-tipped darts
Armour
 d - a +0 robe (worn)
Scrolls
 e - a scroll of poison {unknown}
Potions
 c - 3 potions of lignification


   Skills:
 + Level 0.9 Short Blades
 - Level 4.8 Throwing
 - Level 1.2 Armour
 - Level 1.0 Stealth
 - Level 1.3 Spellcasting
 - Level 1.1 Ice Magic
 - Level 2.4 Evocations


You had one spell level left.
You knew the following spells:

 Your Spells              Type           Power      Damage    Failure   Level
p - Freeze                Ice            12%        1d3       17%         1

Your spell library contained the following spells:

 Spells                   Type           Power      Damage    Failure   Level
 Ozocubu's Armour         Ice            3%         N/A       45%         3


Dungeon Overview and Level Annotations

Branches:
Dungeon (1/15) Zot: 528

Altars:


Innate Abilities, Weirdness & Mutations

You passively map a small area around you.
You are easily found by Zot.
You glow in the dark.
You regain HP and MP as you explore.


Message History

A kobold comes into view. It is wielding a +0 short sword.
The kobold shouts!
You hear a shout!
A kobold is nearby!
A goblin comes into view. It is wielding a +0 club.
The goblin shouts!
There are monsters nearby!
The kobold hits you with a +0 short sword.
The goblin hits you with a +0 club.
You hit the kobold but do no damage.
The kobold hits you with a +0 short sword.
* * * LOW HITPOINT WARNING * * *
A goblin comes into view. It is wielding a +0 dagger.
The goblin hits you with a +0 club.
* * * LOW HITPOINT WARNING * * *
You hit the goblin.
The goblin is moderately wounded.
The kobold closely misses you. The goblin misses you.
Unknown command.
You closely miss the goblin.
The goblin is moderately wounded.
A ball python comes into view.
The kobold closely misses you. The goblin barely misses you.
A goblin comes into view. It is wielding a +0 club.
Unknown command.
The ball python hisses angrily.
The kobold attacks as you move away! The kobold barely misses you.
A rat comes into view.
The goblin shouts!
You hit the kobold.
The kobold is moderately wounded.
The kobold hits you with a +0 short sword.
* * * LOW HITPOINT WARNING * * *
You hit the kobold.
The kobold is severely wounded.
The kobold hits you with a +0 short sword.
* * * LOW HITPOINT WARNING * * *
You hit the kobold.
You kill the kobold!
You closely miss the goblin. The goblin hits you with a +0 dagger.
You die...

#.# , ,,,,...
,, # * **
*#.####.# * *
* #r.....# *
, #g...# ##.#
#gS# ,,* ,
#g## *
######@# ,
#......# ,*
**
##.######## *
#.......... *
##..####....,
#..##* #.# #
, , , .*
#.>##....# *
.# #.....# ,
.# ###.#####
*


You could see 3 goblins, a ball python and a rat.

Vanquished Creatures
  A bat (D:1)
  2 kobolds (D:1)
3 creatures vanquished.

Notes
Turn   | Place    | Note
-------+----------+-------------------------------------------
     0 | D:1      | lunkers the Meteoran Wanderer began the quest for the Orb.
     0 | D:1      | lunkers set off with the following items: a +2 dagger, 3
                  | curare-tipped darts, 2 potions of lignification, a +0 robe;
                  | and the following spell memorised: Freeze; and the
                  | following spells available to memorise: Ozocubu's Armour.
     0 | D:1      | Reached XP level 1. HP: 14/14 MP: 3/3
    69 | D:1      | Slain by a goblin

Illustrated notes

Levels and vault maps discovered:
D:1:      psy_arrival_conway, layout_rooms

Action                   || total
-------------------------++-------
Melee: Dagger            ||     8
 Cast: Freeze            ||     1
Dodge: Dodged            ||     8

Table legend: (Time is in decaauts)
 A = Elapsed time spent in this place.
 B = Non-inter-level travel time spent in this place.
 C = Inter-level travel time spent in this place.
 D = Time resting spent in this place.
 E = Time spent auto-exploring this place.
 F = Levels seen in this place.
 G = Mean time per level.
                   A        B        C        D        E       F      G
               +--------+--------+--------+--------+--------+-----+--------+
         Total |     70 |     70 |      0 |      0 |     48 |   1 |   70.0 |
       Dungeon |     70 |     70 |      0 |      0 |     48 |   1 |   70.0 |
               +--------+--------+--------+--------+--------+-----+--------+

Top non-repeatable levels by time:
     D:1: 70 daAuts
